 Dungeon Crawl Stone Soup version 0.22-a0-538-g76cc104 (webtiles) character file.

95160 jamsan the Tortoise (level 15, -3/150 HPs)
             Began as a Minotaur Fighter on June 23, 2018.
             Was the Champion of Makhleb.
             Slain by Agnes
             ... wielding a +2 lajatang of electrocution
              (20 damage)
             ... on level 15 of the Dungeon.
             The game lasted 01:55:30 (25853 turns).

jamsan the Tortoise (Minotaur Fighter)             Turns: 25853, Time: 01:55:31

Health: -3/150     AC: 18    Str: 37    XL:     15   Next: 65%
Magic:  14/14      EV: 12    Int:  9    God:    Makhleb [******]
Gold:   901        SH:  0    Dex: 15    Spells: 14/14 levels left

rFire    . . .     SeeInvis .   a - +2 battleaxe of the Pits of Slime {chop, rF- Str+7 Int+4}
rCold    + . .     Gourm    .   (shield currently unavailable)
rNeg     . . .     Faith    .   K - +2 scale mail {MR+}
rPois    +         Spirit   .   (helmet restricted)
rElec    +         Reflect  .   (no cloak)
rCorr    +         Harm     .   h - +1 pair of gloves
MR       ++...                  c - +1 pair of boots
Stlth    ..........             u - amulet of the acrobat
HPRegen  0.35/turn              A - ring "Giem" {rCorr Str+4 Dex+4}
MPRegen  0.14/turn              z - +5 ring of slaying

@: resistant, very slightly contaminated
A: retaliatory headbutt, horns 2
a: Minor Destruction, Lesser Servant of Makhleb, Major Destruction, Greater
Servant of Makhleb, Renounce Religion


You were on level 15 of the Dungeon.
You worshipped Makhleb.
Makhleb was exalted by your worship.
You were hungry.

You visited 2 branches of the dungeon, and saw 21 of its levels.
You also visited: Sewer.

You collected 1362 gold pieces.
You spent 461 gold pieces at shops.

Inventory:

Hand Weapons
 a - the +2 battleaxe of the Pits of Slime (weapon) {chop, rF- Str+7 Int+4}
   (You bought it in a shop on level 7 of the Dungeon)

   It inflicts extra damage upon your enemies.
   It affects your strength (+7).
   It affects your intelligence (+4).
   It makes you vulnerable to fire.
 b - a +3 mace of draining
 O - a +2 hand axe of freezing
Missiles
 s - 476 stones (quivered)
Armour
 c - a +1 pair of boots (worn)
 h - a +1 pair of gloves (worn)
 w - a +0 shield
 K - a +2 scale mail of magic resistance (worn)
 V - the +5 ring mail of Articulation {Stlth+}
   (You found it on level 5 of the Lair of Beasts)

   It makes you more stealthy.
 Z - a +3 scale mail of cold resistance
Jewellery
 g - an uncursed ring of poison resistance
 u - an amulet of the acrobat (around neck)
 x - an uncursed ring of positive energy
 z - a +5 ring of slaying (right hand)
 A - the ring "Giem" (left hand) {rCorr Str+4 Dex+4}
   (You found it on level 5 of the Dungeon)

   [ring of resist corrosion]

   It affects your strength (+4).
   It affects your dexterity (+4).
 F - an uncursed ring of protection from cold
 H - the ring "Coisoqoo" {Dex+2 SInv Stlth+}
   (You found it on level 4 of the Lair of Beasts)

   [ring of stealth]

   It affects your dexterity (+2).
   It lets you see invisible.
   It makes you more stealthy.
Wands
 e - a wand of polymorph (2)
 n - a wand of random effects (36)
 v - a wand of iceblast (24)
 E - a wand of flame (38)
 L - a wand of clouds (2)
 S - a wand of enslavement (24)
 W - a wand of acid (4)
Scrolls
 i - 3 scrolls of remove curse
 k - 8 scrolls of teleportation
 o - 2 scrolls of holy word
 y - a scroll of enchant armour
 D - 4 scrolls of identify
 I - 4 scrolls of magic mapping
 M - a scroll of amnesia
 T - a scroll of enchant weapon
 Y - a scroll of fog
Potions
 d - 5 potions of lignification
 j - a potion of magic
 l - 7 potions of curing
 m - 5 potions of flight
 p - 4 potions of brilliance
 q - 3 potions of heal wounds
 t - 4 potions of mutation
 B - a potion of berserk rage
 C - 4 potions of ambrosia
 G - 3 potions of agility
 N - 2 potions of resistance
 R - a potion of might
 U - a potion of cancellation
Miscellaneous
 P - a sack of spiders
 Q - a fan of gales
Comestibles
 f - 22 rations


   Skills:
 + Level 18.4 Fighting
 + Level 18.3 Axes
 + Level 18.5 Armour
 - Level 3.1 Dodging
 - Level 4.0 Shields


You had 14 spell levels left.
You didn't know any spells.
Your spell library contained the following spells:

 Spells                   Type           Power        Failure   Level  Hunger
 Conjure Flame            Conj/Fire      #.......     87%         3    ####...
 Lightning Bolt           Conj/Air       #.........   100%        5    ######.
 Confuse                  Hex            #.......     87%         3    ####...
 Freezing Cloud           Conj/Ice/Air   #.........   100%        6    #######
 Mephitic Cloud           Conj/Pois/Air  #.......     87%         3    ####...
 Ring of Flames           Chrm/Fire      #.........   100%        7    #######
 Ozocubu's Armour         Chrm/Ice       #.......     87%         3    ####...
 Sublimation of Blood     Necr           #.........   65%         2    ###....
 Shock                    Conj/Air       #...         52%         1    ##.....
 Swiftness                Chrm/Air       #.......     65%         2    ###....
 Spider Form              Tmut/Pois      #.........   87%         3    ####...
 Blade Hands              Tmut           #.........   100%        5    ######.
 Ice Form                 Ice/Tmut       #.......     99%         4    #####..
 Airstrike                Air            #.........   99%         4    #####..
 Confusing Touch          Hex            #.....       52%         1    ##.....
 Ignite Poison            Fire/Tmut/Pois #.......     87%         3    ####...
 Sticks to Snakes         Tmut           #.......     65%         2    ###....
 Metabolic Englaciation   Hex/Ice        #.........   100%        5    ######.
 Static Discharge         Conj/Air       #.......     87%         3    ####...
 Alistair's Intoxication  Tmut/Pois      #.......     100%        5    ######.
 Petrify                  Tmut/Erth      #.......     99%         4    #####..
 Beastly Appendage        Tmut           #.....       52%         1    ##.....
 Irradiate                Conj/Tmut      #.........   100%        5    ######.
 Gell's Gravitas          Tloc           #.........   87%         3    ####...
 Yara's Violent Unravell  Hex/Tmut       #.........   100%        5    ######.
 Poisonous Vapours        Pois/Air       #.....       65%         2    ###....
 Ignition                 Fire           #.........   100%        8    #######


Dungeon Overview and Level Annotations

Branches:
Dungeon (15/15)            Temple (0/1) D:6            Lair (6/6) D:10
  Swamp (0/4) Lair:3       Spider (0/4) Lair:4        Slime (0/5) Lair:5
    Orc (0/2) D:12         Vaults (0/5) D:13
 Depths: D:15

Altars:
Cheibriados
Dithmenos
Gozag
Hepliaklqana
Kikubaaqudgha
Makhleb
Nemelex Xobeh
Okawaru
Ru
Uskayaw
Vehumet
Wu Jian
Xom
Yredelemnul
Zin
The Shining One
Jiyva

Shops:
D:7 (   D:13 ![%((

Portals:
Trove: D:11 (show abyssal rune of Zot)

Annotations:
D:15 Agnes, Sonja
Lair:2 exclusion: 4 oklob plants


Innate Abilities, Weirdness & Mutations

You reflexively headbutt those who attack you in melee.
You have a pair of horns on your head.


Message History

* * * LOW HITPOINT WARNING * * *
Agnes hits you with a lajatang of electrocution!
* * * LOW HITPOINT WARNING * * *
Blink to where?
Press: ? - help, Dir - move target cursor You are very lightly contaminated with residual magic.
As you read the scroll of blinking, it crumbles to dust.
You feel yourself speed up. Agnes hits you but does no damage.
You feel much better.
Agnes hits you with a lajatang of electrocution!!
* * * LOW HITPOINT WARNING * * *
The tengu warrior hits you from afar with a bardiche.
* * * LOW HITPOINT WARNING * * *
Agnes closely misses you. You furiously retaliate!
You headbutt Agnes, but do no damage. Agnes hits you but does no damage.
There is a stone staircase leading up here.
Agnes hits you with a lajatang of electrocution!!
You die...

...# .......
....######...........
................(....
.....................
.....................
#.O.### ..... #Q#..O#
.O. #i#.#Q##.##
#@#.#.((Q.#
#.....#.####[.#
#..#####.# (.# # #.#
..(. #.# ..... #..
......# ..##### ...


You could see Agnes, a tengu warrior and a two-headed ogre.

Vanquished Creatures
  4 entropy weavers (Lair:4)
  A dire elephant (Lair:6)
  An ice dragon (Lair:4)
  5 hydras
  4 vault guards (D:13)
  A catoblepas (Lair:2)
  A merfolk avatar (Lair:6)
  4 ghost crabs (Lair:4)
  5 centaur warriors
  6 two-headed ogres
  A tengu warrior (D:14)
  3 death yaks (Lair:5)
  4 skeletal warriors (D:14)
  4 unseen horrors
  5 fire crabs (Lair:4)
  A wolf spider zombie (D:14)
  2 deep elf magi
  An ugly thing (D:11)
  2 cyclopes
  A manticore (D:14)
  6 black mambas
  8 elephants
  An apocalypse crab (Lair:4)
  A torpor snail (Lair:5)
  A molten gargoyle (Lair:1)
  2 centaur skeletons
  2 gargoyles (D:12)
  19 spiny frogs
  11 komodo dragons
  4 rime drakes
  2 kobold demonologists (D:13)
  A tengu conjurer (D:15)
  2 trolls
  A hornet (Lair:6)
  A queen bee (D:8)
  Prince Ribbit (D:7)
  2 tyrant leeches (Lair:3)
  9 polar bears
  2 wind drakes (Lair:6)
  5 slime creatures (D:12)
  9 dream sheep
  37 blink frogs
  14 hippogriffs
  A spriggan (shapeshifter) (D:10)
  A shadow (D:14)
  A vampire (D:10)
  6 wyverns
  2 wraiths
  41 yaks
  A redback (D:10)
  7 fire bats (Lair:1)
  5 basilisks
  3 hungry ghosts
  3 fire elementals
  4 vampire mosquitoes
  A steam dragon (Lair:3)
  Edmund (D:6)
  2 swamp worms (Lair:3)
  3 acid dragons
  A soldier ant (D:13)
  24 water moccasins
  9 porcupines
  8 orc warriors
  2 sky beasts
  12 ice beasts
  An eye of draining (D:12)
  4 black bears
  3 necrophages
  3 phantoms
  4 ogres
  23 wolves
  21 centaurs
  10 crocodiles
  22 bullfrogs
  6 big kobolds
  A scorpion (D:7)
  7 wights (D:6)
  25 killer bees
  3 howler monkeys
  2 vampire bats (D:9)
  4 electric eels
  5 crimson imps
  8 jellies
  3 lava snakes (Lair:1)
  3 bullfrog zombies
  A quasit (D:11)
  12 orc priests
  4 hounds
  2 bullfrog skeletons
  13 orc wizards
  3 iguanas
  8 worker ants
  A killer bee zombie (D:7)
  3 centaur simulacra (D:8)
  A hound skeleton (D:4)
  2 howler monkey zombies
  A worker ant zombie (D:9)
  15 adders
  6 gnolls
  2 shadow imps
  7 white imps
  2 worker ant simulacra (D:8)
  An ufetubus (D:8)
  4 oozes
  2 adder zombies (D:8)
  5 worms
  A dart slug (D:1)
  9 leopard geckos
  59 orcs
  10 giant cockroaches
  6 goblins
  4 hobgoblins
  29 jackals
  26 kobolds
  5 quokkas
  3 ball pythons
  10 bats
  6 frilled lizards
  A jackal simulacrum (D:8)
  A jackal zombie (D:4)
  A leopard gecko skeleton (D:6)
  A quokka simulacrum (D:8)
  13 rats
  A bush (Lair:5)
  A fire vortex (Lair:1)
  6 fungi
  6 plants
787 creatures vanquished.

Vanquished Creatures (collateral kills)
  2 yaks (Lair:6)
2 creatures vanquished.

Vanquished Creatures (others)
  A worker ant (D:9)
  13 bushes
  9 fungi
  31 plants
54 creatures vanquished.

Grand Total: 843 creatures vanquished

Notes
Turn   | Place    | Note
-------+----------+-------------------------------------------
     0 | D:1      | jamsan the Minotaur Fighter began the quest for the Orb.
     0 | D:1      | Reached XP level 1. HP: 19/19 MP: 0/0
    97 | D:1      | Reached XP level 2. HP: 23/27 MP: 1/1
   829 | D:2      | Reached XP level 3. HP: 31/33 MP: 2/2
  1096 | D:2      | Reached XP level 4. HP: 34/41 MP: 3/3
  1601 | D:2      | Found a sacrificial altar of Ru.
  1750 | D:2      | Noticed an ice beast
  1763 | D:2      | Killed an ice beast
  1763 | D:2      | Reached skill level 5 in Fighting
  1763 | D:2      | Reached skill level 5 in Armour
  1763 | D:2      | Reached XP level 5. HP: 29/48 MP: 4/4
  1770 | D:2      | Found a shadowy altar of Dithmenos.
  2518 | D:3      | Found a glowing drain.
  2543 | Sewer    | Entered a sewer
  2545 | Sewer    | Reached XP level 6. HP: 54/56 MP: 5/5
  2649 | Sewer    | Found a white marble altar of Elyvilon.
  2727 | D:3      | Found a burning altar of Makhleb.
  2729 | D:3      | Found a glowing silver altar of Zin.
  2729 | D:3      | Noticed a blizzard demon
  2729 | D:3      | Noticed an angel
  2735 | D:3      | Became a worshipper of Makhleb the Destroyer
  3216 | D:4      | Reached skill level 5 in Axes
  3309 | D:4      | Found a sparkling altar of Nemelex Xobeh.
  3554 | D:4      | Found an ornate altar of the Wu Jian Council.
  3598 | D:4      | Found a hazy altar of Hepliaklqana.
  3790 | D:5      | Entered Level 5 of the Dungeon
  3859 | D:5      | Got a scorched tin ring
  3862 | D:5      | Identified the ring "Giem" {rCorr Str+4 Dex+4} (You found it on level 5 of the Dungeon)
  3900 | D:5      | Reached XP level 7. HP: 37/63 MP: 6/6
  4412 | D:6      | Found a staircase to the Ecumenical Temple.
  4787 | D:6      | Reached XP level 8. HP: 72/73 MP: 7/7
  4792 | D:6      | Reached * piety under Makhleb
  4934 | D:6      | Noticed Edmund
  4942 | D:6      | Killed Edmund
  5403 | D:6      | Found an opulent altar of Gozag.
  5518 | D:6      | Found a radiant altar of Vehumet.
  5528 | D:6      | Found a basalt altar of Yredelemnul.
  5541 | D:6      | Found an opulent altar of Gozag.
  5752 | D:6      | Reached XP level 9. HP: 73/82 MP: 8/8
  6756 | D:7      | Reached ** piety under Makhleb
  7021 | D:7      | Found an iron altar of Okawaru.
  7358 | D:7      | Noticed Prince Ribbit
  7372 | D:7      | Killed Prince Ribbit
  7398 | D:7      | Reached skill level 10 in Fighting
  7398 | D:7      | Reached skill level 10 in Armour
  7430 | D:7      | Found Kemaonwy's Antique Weapon Boutique.
  7449 | D:7      | Bought an ichor-stained battleaxe for 253 gold pieces
  7449 | D:7      | Identified the cursed +2 battleaxe of the Pits of Slime {chop, rF- Str+7 Int+4} (You bought it in a shop on level 7 of the Dungeon)
  7556 | D:7      | Found an ancient bone altar of Kikubaaqudgha.
  7790 | D:8      | Noticed a two-headed ogre
  7795 | D:8      | Killed a two-headed ogre
  7795 | D:8      | Reached skill level 10 in Axes
  7900 | D:8      | Reached XP level 10. HP: 94/94 MP: 9/9
  7950 | D:8      | Reached *** piety under Makhleb
  8083 | D:8      | Found a hide-covered altar of Uskayaw.
  8414 | D:8      | Noticed a two-headed ogre
  8420 | D:8      | Killed a two-headed ogre
  8561 | D:8      | Found a runed door.
  8561 | D:8      | Found a runed door.
  8713 | D:8      | Noticed a centaur warrior
  8717 | D:8      | Killed a centaur warrior
  8724 | D:8      | Got a jewelled mace {protect}
  8929 | D:8      | Found a glowing golden altar of the Shining One.
  9041 | D:8      | Reached XP level 11. HP: 99/104 MP: 10/10
  9046 | D:8      | Reached **** piety under Makhleb
  9600 | D:8      | Found a shimmering altar of Xom.
  9600 | D:8      | Found a shimmering altar of Xom.
  9711 | D:9      | Noticed a two-headed ogre
  9716 | D:9      | Killed a two-headed ogre
  9757 | D:9      | Found an ancient bone altar of Kikubaaqudgha.
  9858 | D:9      | Found a snail-covered altar of Cheibriados.
 10716 | D:10     | Entered Level 10 of the Dungeon
 10762 | D:10     | Found a large runed door.
 10762 | D:10     | Found a large runed door.
 10792 | D:10     | Noticed a two-headed ogre
 10801 | D:10     | Killed a two-headed ogre
 10823 | D:10     | Found a burning altar of Makhleb.
 10823 | D:10     | Noticed a deep elf mage
 10829 | D:10     | Killed a deep elf mage
 10838 | D:10     | Found an ancient bone altar of Kikubaaqudgha.
 10913 | D:10     | Killed an unseen horror
 10935 | D:10     | Noticed a two-headed ogre
 11025 | D:10     | Killed a two-headed ogre
 11063 | D:10     | Found a staircase to the Lair.
 11155 | D:10     | Found a hide-covered altar of Uskayaw.
 11755 | D:11     | Reached ***** piety under Makhleb
 11826 | D:11     | Noticed a white ugly thing
 11831 | D:11     | Killed a white ugly thing
 11831 | D:11     | Reached skill level 1 in Dodging
 11831 | D:11     | Reached XP level 12. HP: 102/113 MP: 11/11
 12213 | D:11     | Noticed a two-headed ogre
 12248 | D:11     | Killed a two-headed ogre
 12334 | D:11     | Found a portal to a secret trove of treasure.
 13038 | D:12     | Noticed a five-headed hydra
 13045 | D:12     | Killed an eight-headed hydra
 13423 | D:12     | Noticed a centaur warrior
 13442 | D:12     | Killed a centaur warrior
 13749 | D:12     | Found a staircase to the Orcish Mines.
 13831 | Lair:1   | Entered Level 1 of the Lair of Beasts
 13850 | D:10     | Identified the +10 mace of Peogaxaf {protect, *Contam MP+9 Int-2 SInv} (You took it off a centaur warrior on level 8 of the Dungeon)
 15152 | Lair:1   | Reached ****** piety under Makhleb
 15399 | Lair:2   | Reached XP level 13. HP: 81/125 MP: 7/12
 15489 | Lair:2   | Reached skill level 15 in Armour
 15496 | Lair:2   | Reached skill level 15 in Fighting
 16222 | Lair:3   | Reached skill level 15 in Axes
 16294 | Lair:3   | Found the +8 whip "Snakebite" {curare, rPois}
 16628 | Lair:3   | Found a staircase to the Swamp.
 17582 | Lair:4   | Found a hole to the Spider Nest.
 17694 | Lair:4   | Found a radiant altar of Vehumet.
 17989 | Lair:4   | Found a runed door.
 18016 | Lair:4   | Noticed an entropy weaver
 18021 | Lair:4   | Reached XP level 14. HP: 104/137 MP: 8/13
 18026 | Lair:4   | Killed an entropy weaver
 18437 | Lair:4   | Noticed an entropy weaver
 18459 | Lair:4   | Killed an entropy weaver
 20212 | Lair:4   | Noticed an entropy weaver
 20220 | Lair:4   | Killed an entropy weaver
 20365 | Lair:4   | Noticed an entropy weaver
 20368 | Lair:4   | an entropy weaver changed into an ice dragon
 20409 | Lair:4   | Noticed an entropy weaver
 20416 | Lair:4   | Killed an entropy weaver
 20464 | Lair:4   | Got a clouded wooden ring
 20501 | Lair:4   | Identified the ring "Coisoqoo" {Dex+2 SInv Stlth+} (You found it on level 4 of the Lair of Beasts)
 20965 | Lair:5   | Found a viscous altar of Jiyva.
 20965 | Lair:5   | Found a staircase to the Slime Pits.
 22144 | Lair:5   | Got a dazzling ring mail
 22155 | Lair:5   | Identified the +5 ring mail of Articulation {Stlth+} (You found it on level 5 of the Lair of Beasts)
 22211 | Lair:6   | Entered Level 6 of the Lair of Beasts
 23041 | Lair:6   | Reached XP level 15. HP: 147/147 MP: 14/14
 23711 | Lair:6   | Identified Robbel's Disquisition on Burning Ice
 24071 | D:13     | Found Sufuut's Antique Weapon Boutique.
 24314 | D:13     | Found a gate to the Vaults.
 24399 | D:13     | Found Qeh Soagroi's Antique Weapon Shoppe.
 24423 | D:13     | Found Yteabruom's Food Boutique.
 24655 | D:13     | Found Tiranam's Armour Shoppe.
 24778 | D:13     | Found Pafruff's Distillery.
 24785 | D:13     | Bought a potion of curing for 39 gold pieces
 24785 | D:13     | Bought a potion of curing for 39 gold pieces
 24785 | D:13     | Bought a potion of resistance for 130 gold pieces
 25818 | D:15     | Entered Level 15 of the Dungeon
 25835 | D:15     | Noticed Sonja
 25836 | D:15     | Noticed Agnes
 25853 | D:15     | Slain by Agnes

Vault maps used:
D:1:      erik_arrival_cave_to_civilisation, minmay_misc_feat_roman
D:2:      nicolae_dithmenos_shadow_blocks, nicolae_ru_sacrificial_ziggurat,
          solitary_fountain
D:3:      grunt_temple_overflow_order_and_chaos_2, portal_sewer_entry_f
D:4:      nicolae_overflow_hidden_temple, nicolae_overflow_crystal_walls,
          lemuel_crystal_altar
D:5:      first_ration
D:6:      yredelemnul_altar_generic, grunt_temple_overflow_open,
          minmay_temple_entry_large_hall, grunt_decor_clamped,
          grunt_gozag_breadcrumbs, uniq_edmund
D:7:      kennysheep_little_box, lemuel_crystal_altar, serial_shops,
          nicolae_shop_window_shopping, kennysheep_generic_room_7,
          uniq_prince_ribbit1
D:8:      minmay_the_grid_triangle_9x9_rhombus_full, xom_shifter_show,
          lemuel_crystal_altar, kennysheep_mini, serial_ice, serial_ice_b,
          serial_ice_h, serial_ice_n, serial_ice_d, serial_ice_f, serial_ice_l,
          serial_ice_m, serial_ice_o, david_nohive_1, serial_park_tiny_2
D:9:      lemuel_round_altar, basic_altar, roderic_batcave, lemuel_flame_loot_1
D:10:     david_lair_shrubbed, basic_altar, hangedman_decor_opposing,
          jmf_multi_god_temple2
D:11:     enter_trove_6
D:12:     orc_0_dummy, serial_ice, serial_ice_m, serial_ice_i, serial_ice_c,
          serial_ice_h
D:13:     lightli_vaults_fourway_checkpoint, serial_shops, shop,
          nicolae_shop_trees, shop, nicolae_shop_stone, shop_statue
D:14:     serial_park_square2
D:15:     grunt_enter_depths_snipers, uniq_sonja, uniq_agnes
Lair:2:   grunt_megastairs_5, minmay_lair_oklob_chamber
Lair:3:   minmay_guarded_unrand_snakebite, minmay_swamp_entry_worms
Lair:4:   gammafunk_mikee_crab_dinner, spider_nest_entry_web_field, basic_altar,
          st_stairs_8, grunt_megastairs_4
Lair:5:   dpeg_slime_entry_enclosed_altar, serial_forest,
          infiniplex_forest_fountain, infiniplex_forest_straight_2,
          infiniplex_forest_straight_2, infiniplex_forest_clump_small,
          infiniplex_forest_side_room, infiniplex_forest_lined_corner,
          infiniplex_forest_end_1, infiniplex_forest_corner_2,
          infiniplex_staircase_pool_2
Lair:6:   gammafunk_lair_ancient_temple
Sewer:    sewer_kobolds

Skill      XL: |  1  2  3  4  5  6  7  8  9 10 11 12 13 14 15 |
---------------+----------------------------------------------+-----
Fighting       | 4 5 6 7 8 10 12 13 14 16 17 18 | 18.4
Shields        | 4 |  4.0
Axes           | 3 4 5 6 8 10 11 13 14 16 17 18 | 18.3
Armour         | 4 5 6 7 8 10 12 13 14 16 17 18 | 18.5
Dodging        | 1 3 |  3.1

Action                   |  1- 3 |  4- 6 |  7- 9 | 10-12 | 13-15 || total
-------------------------+-------+-------+-------+-------+-------++-------
Melee: War axe           |    52 |   165 |   234 |       |       ||   451
       Headbutt          |    12 |    22 |    61 |   113 |   219 ||   427
       Battleaxe         |       |       |    13 |   362 |   687 ||  1062
       Hand axe          |       |       |       |    36 |       ||    36
       Mace              |       |       |       |       |    47 ||    47
Throw: Stone             |       |     1 |       |       |       ||     1
Evoke: Wand              |       |       |       |     4 |    27 ||    31
  Use: Potion            |       |     2 |     2 |     6 |     9 ||    19
       Scroll            |       |    10 |     5 |    15 |    18 ||    48
 Stab: Invisible         |       |       |       |     5 |       ||     5
       Confused          |       |       |       |     2 |     1 ||     3
       Paralysed         |       |       |       |       |     4 ||     4
  Eat: Chunk             |     1 |     9 |    30 |    28 |    16 ||    84
       Ration            |       |       |       |       |     4 ||     4
Armor: Scale mail        |    25 |    68 |    63 |   186 |   335 ||   677
       Plate armour      |       |       |    34 |       |       ||    34
       Ring mail         |       |       |       |    33 |     2 ||    35
Dodge: Dodged            |    13 |    60 |    63 |   269 |   482 ||   887
Block: Shield            |    28 |    84 |   120 |       |       ||   232

Table legend:
 A = Spawn XP
 B = Non-spawn XP
 C = Spawn XP percentage of total XP
 D = Spawn monster count
 E = Non-spawn monster count
 F = Spawn count percentage of total count
 G = Total turns spent on level
                    A         B        C        D         E        F      G
               +---------+---------+-------+---------+---------+-------+---------
         Total |       0 |  135943 |   0.0 |       0 |     775 |   0.0 | 25853
               +---------+---------+-------+---------+---------+-------+---------
           D:1 |       0 |      34 |   0.0 |       0 |      20 |   0.0 |   821
           D:2 |       0 |     265 |   0.0 |       0 |      25 |   0.0 |  1302
           D:3 |       0 |      93 |   0.0 |       0 |      27 |   0.0 |   788
           D:4 |       0 |     136 |   0.0 |       0 |      13 |   0.0 |   717
           D:5 |       0 |     387 |   0.0 |       0 |      12 |   0.0 |   621
           D:6 |       0 |    2029 |   0.0 |       0 |      43 |   0.0 |  2249
           D:7 |       0 |    1436 |   0.0 |       0 |      36 |   0.0 |  1130
           D:8 |       0 |    8244 |   0.0 |       0 |      80 |   0.0 |  1919
           D:9 |       0 |    2138 |   0.0 |       0 |      33 |   0.0 |  1063
          D:10 |       0 |    6744 |   0.0 |       0 |      25 |   0.0 |  1397
          D:11 |       0 |    3639 |   0.0 |       0 |      36 |   0.0 |  1219
          D:12 |       0 |    8125 |   0.0 |       0 |      51 |   0.0 |   942
          D:13 |       0 |    9584 |   0.0 |       0 |      48 |   0.0 |   876
          D:14 |       0 |   10424 |   0.0 |       0 |      38 |   0.0 |   882
          D:15 |       0 |    1374 |   0.0 |       0 |       3 |   0.0 |    35
        Lair:1 |       0 |    4414 |   0.0 |       0 |      23 |   0.0 |  1153
        Lair:2 |       0 |    5568 |   0.0 |       0 |      23 |   0.0 |   797
        Lair:3 |       0 |   12168 |   0.0 |       0 |      53 |   0.0 |  1242
        Lair:4 |       0 |   23211 |   0.0 |       0 |      53 |   0.0 |  3250
        Lair:5 |       0 |   11206 |   0.0 |       0 |      33 |   0.0 |  1986
        Lair:6 |       0 |   24621 |   0.0 |       0 |      91 |   0.0 |  1302
         Sewer |       0 |     103 |   0.0 |       0 |       9 |   0.0 |   162
               +---------+---------+-------+---------+---------+-------+---------
